 Dungeon Crawl Stone Soup version 0.21-a0-94-gdd6ab6a (webtiles) character file.

377 Gorglomux the Cleaver (level 6, -2/50 HPs)
             Began as a Hill Orc Gladiator on July 1, 2017.
             Slain by a hippogriff (6 damage)
             ... on level 4 of the Dungeon.
             The game lasted 00:03:17 (3299 turns).

Gorglomux the Cleaver (Hill Orc Gladiator)          Turns: 3299, Time: 00:03:18

Health: -2/50      AC:  6    Str: 19    XL:     6   Next: 73%
Magic:  6/6        EV: 11    Int:  8    God:
Gold:   124        SH:  0    Dex: 12    Spells: 5/5 levels left

rFire    . . .     SeeInvis +   a - +0 war axe
rCold    . . .     Gourm    .   (no shield)
rNeg     . . .     Faith    .   X - +0 ring mail
rPois    .         Spirit   .   c - +0 helmet
rElec    .         Reflect  .   (no cloak)
rCorr    .         Harm     .   (no gloves)
MR       .....                  (no boots)
Stlth    +.........             (no amulet)
HPRegen  0.16/turn              l - ring of flight
MPRegen  0.10/turn              s - ring of see invisible

@: flying
A: no striking features
a: no special abilities


You were on level 4 of the Dungeon.
You were not hungry.

You visited 1 branch of the dungeon, and saw 4 of its levels.

You collected 124 gold pieces.

Inventory:

Hand Weapons
 a - a +0 war axe (weapon)
Missiles
 Z - 3 throwing nets (quivered)
Armour
 c - a +0 helmet (worn)
 M - +0 fire dragon scales
 X - a +0 ring mail (worn)
Jewellery
 l - a ring of flight (left hand)
 s - a ring of see invisible (right hand)
Scrolls
 N - a scroll of enchant weapon {unknown}
 O - a scroll of fog {unknown}
 R - a scroll of teleportation {unknown}
 T - 3 scrolls of immolation {unknown}
 U - a scroll of remove curse
 W - a scroll of identify {unknown}
Potions
 P - a potion of resistance
Comestibles
 f - 3 bread rations
 z - 2 meat rations
 S - 7 chunks of flesh
 Y - 2 royal jellies


   Skills:
 - Level 2.4 Fighting
 + Level 9.6 Axes
 - Level 1.7 Throwing
 - Level 2.4 Dodging


You had 5 spell levels left.
You didn't know any spells.

Dungeon Overview and Level Annotations

Branches:
Dungeon (4/15)
 Temple: D:4-7

Altars:
Cheibriados
Ru


Message History

The hippogriff bites you but does no damage.
The hippogriff pecks you! The hippogriff claws you.
You hit the hippogriff but do no damage.
The hippogriff bites you! The hippogriff completely misses you.
The hippogriff claws you.
You barely miss the hippogriff. The hippogriff barely misses you.
The hippogriff pecks you.
* * * LOW HITPOINT WARNING * * *
The hippogriff closely misses you.
You slash the hippogriff!
The hippogriff is moderately wounded.
The hippogriff bites you!
* * * LOW HITPOINT WARNING * * *
The hippogriff pecks you.
* * * LOW HITPOINT WARNING * * *
The hippogriff closely misses you.
You hit the hippogriff.
The hippogriff is moderately wounded.
The hippogriff bites you.
You die...

.#.##.#..# . ...[. ...
..#...#.##'##.#... ..
.................. ...
#....#.#.#.#.#... #.
#.###......#.#.......
..............#.........
#..##.........<))......
##............###)......
.......@#.....###.......
........H......##.......
................########
.............##...#####
.............##).....(#
.............##.......#
##.###.......)#)......#
#.#.........).)......#
#.#.......##.......#


You could see a hippogriff.

Vanquished Creatures
  A crimson imp (D:3)
  2 orc wizards (D:4)
  An orc priest (D:3)
  3 worker ants (D:4)
  4 gnolls
  4 adders
  An ooze (D:2)
  3 worms
  4 dart slugs
  3 leopard geckos
  13 orcs
  A ball python (D:2)
  A giant cockroach (D:3)
  8 goblins
  6 hobgoblins
  5 quokkas
  4 bats
  3 frilled lizards
  7 kobolds
  8 rats
82 creatures vanquished.

Vanquished Creatures (others)
  A worm (D:2)
1 creature vanquished.

Grand Total: 83 creatures vanquished

Notes
Turn   | Place    | Note
-------+----------+-------------------------------------------
     0 | D:1      | Gorglomux the Hill Orc Gladiator began the quest for the Orb.
     0 | D:1      | Reached XP level 1. HP: 18/18 MP: 1/1
    19 | D:1      | Reached XP level 2. HP: 25/25 MP: 2/2
   264 | D:1      | Reached skill level 5 in Axes
   686 | D:1      | Reached XP level 3. HP: 30/30 MP: 3/3
  1137 | D:2      | Reached skill level 6 in Axes
  1298 | D:2      | Reached XP level 4. HP: 36/37 MP: 4/4
  1380 | D:2      | Found a sacrificial altar of Ru.
  1873 | D:2      | Reached skill level 7 in Axes
  1974 | D:2      | Reached XP level 5. HP: 36/42 MP: 5/5
  2084 | D:3      | Reached skill level 8 in Axes
  2346 | D:3      | Found a snail-covered altar of Cheibriados.
  2628 | D:3      | Reached XP level 6. HP: 44/50 MP: 6/6
  2800 | D:4      | Reached skill level 9 in Axes
  3286 | D:4      | Noticed a hippogriff
  3299 | D:4      | Slain by a hippogriff

Vault maps used:
D:1:      scummos_arrival_checkerplants
D:2:      minmay_diamond_boxcup, lemuel_round_altar
D:3:      first_bread, kennysheep_slug_shrine
D:4:      minmay_misc_feat_doors, uniq_robin

Skill      XL: |  1  2  3  4  5  6 |
---------------+-------------------+-----
Axes           | 5 6 7 8 9 |  9.6
Fighting       | |  2.4
Throwing       | |  1.7
Dodging        | |  2.4

Action                   |  1- 3 |  4- 6 || total
-------------------------+-------+-------++-------
Melee: War axe           |    95 |   178 ||   273
  Use: Scroll            |       |     2 ||     2
       Potion            |       |     5 ||     5
 Stab: Sleeping          |     1 |       ||     1
  Eat: Chunk             |     1 |     7 ||     8
Armor: Leather armour    |    25 |    10 ||    35
       Ring mail         |       |    44 ||    44
       Skin              |       |    22 ||    22
Dodge: Dodged            |    65 |   108 ||   173
